NCAA
COLORADO BUFFALOES @ WEST VIRGINIA MOUNTAINEERS
04/06/2029
 
TOP OF THE 1ST
Colorado Buffaloes batting - Pitching for West Virginia Mountaineers : RHP William Dixon
Pitching: RHP William Dixon
Batting: RHB Mike Clark 0-0: Called Strike
0-1: Ball
1-1: Ball
2-1: SINGLE (Groundball, 56D)
Batting: RHB Frank Ruffin 0-0: Called Strike
0-1: Called Strike
0-2: Ball
1-2: Ball
2-2: Fly out, F9 (Flyball, 89S)
Batting: LHB Claudio Jaramillo 0-0: Ball
Mike Clark is caught stealing 2nd base
1-0: Foul Ball, location: 2F
1-1: Ground out U3 (Groundball, 3)
Top of the 1st over - 0 runs, 1 hit, 0 errors, 0 left on base; Colorado 0 - West Virginia 0
BOTTOM OF THE 1ST
West Virginia Mountaineers batting - Pitching for Colorado Buffaloes : LHP Ray Gordon
Pitching: LHP Ray Gordon
Batting: LHB Eric Chávez 0-0: Called Strike
0-1: Bunted foul
0-2: Ball
1-2: Foul Ball, location: 2F
1-2: Foul Ball, location: 2F
1-2: Ball
2-2: Ball
3-2: Base on Balls
Batting: RHB Chris Smith 0-0: Ball
1-0: Called Strike
1-1: Foul Ball, location: 2F
1-2: Ball
2-2: Foul Ball, location: 2F
2-2: Foul Ball, location: 2F
2-2: Strikes out swinging
Batting: RHB Víctor León 0-0: Ball
1-0: SINGLE (Groundball, 34D)
Eric Chávez to second
Runner from 2nd tries for 3rd, OUT!
Batting: RHB David Randall 0-0: Ball
1-0: Called Strike
1-1: Ball
2-1: Called Strike
2-2: Strikes out looking
Bottom of the 1st over - 0 runs, 1 hit, 0 errors, 1 left on base; Colorado 0 - West Virginia 0
TOP OF THE 2ND
Colorado Buffaloes batting - Pitching for West Virginia Mountaineers : RHP William Dixon
Now in CF: Darrel Harris
Batting: RHB Bill Peterson 0-0: DOUBLE (Line Drive, 8RXD) - OUT at third base trying to stretch hit.
Batting: RHB Preston Manning 0-0: SINGLE (Groundball, 6MD)
Batting: LHB Jack Jefferson 0-0: Called Strike
0-1: Ball
1-1: Ball
2-1: Foul Ball, location: 2F
2-2: Foul Ball, location: 2F
2-2: Strikes out swinging
Batting: LHB Larry Chase 0-0: Called Strike
0-1: Ball
1-1: Ball
2-1: Called Strike
2-2: Ball
3-2: Base on Balls
Preston Manning to second
Batting: LHB Pedro Padilla 0-0: Foul Ball, location: 2F
0-1: Ball
Passed Ball!
Preston Manning to third
Larry Chase to second
1-1: Swinging Strike
1-2: Foul Ball, location: 2F
1-2: Strikes out swinging
Top of the 2nd over - 0 runs, 2 hits, 0 errors, 2 left on base; Colorado 0 - West Virginia 0
BOTTOM OF THE 2ND
West Virginia Mountaineers batting - Pitching for Colorado Buffaloes : LHP Ray Gordon
Batting: LHB Jeremy Howard 0-0: Called Strike
0-1: Ground out 6-3 (Groundball, 6S)
Batting: LHB José Galindo 0-0: Ball
1-0: Swinging Strike
1-1: Called Strike
1-2: Ball
2-2: Ground out 4-3 (Groundball, 4)
Batting: RHB Jeffrey Dunbar 0-0: Ball
1-0: Ball
2-0: Ball
3-0: Base on Balls
Batting: LHB Juan Garza 0-0: Called Strike
0-1: Foul Ball, location: 2F
0-2: Ground out U3 (Groundball, 34S)
Bottom of the 2nd over - 0 runs, 0 hits, 0 errors, 1 left on base; Colorado 0 - West Virginia 0
TOP OF THE 3RD
Colorado Buffaloes batting - Pitching for West Virginia Mountaineers : RHP William Dixon
Batting: LHB Wayne Morgan 0-0: Called Strike
0-1: Swinging Strike
0-2: Strikes out swinging
Batting: RHB Mike Clark 0-0: Ball
1-0: Called Strike
1-1: Ball
2-1: SINGLE (Groundball, 56D)
Batting: RHB Frank Ruffin 0-0: Ball
1-0: Foul Ball, location: 2F
1-1: SINGLE (Line Drive, 7S)
Mike Clark to second
Batting: LHB Claudio Jaramillo 0-0: Foul Ball, location: 2F
0-1: Called Strike
0-2: Ball
1-2: Fly out, F6 (Line Drive, 56D)
Batting: RHB Bill Peterson 0-0: Ball
1-0: Ball
2-0: Called Strike
2-1: SINGLE (Groundball, 6MS) (infield hit)
Mike Clark to third
Frank Ruffin to second
Batting: RHB Preston Manning 0-0: Ball
1-0: Called Strike
1-1: Swinging Strike
1-2: Ball
2-2: Foul Ball, location: 2F
2-2: Ball
3-2: Fly out, F7 (Flyball, 7D)
Top of the 3rd over - 0 runs, 3 hits, 0 errors, 3 left on base; Colorado 0 - West Virginia 0
BOTTOM OF THE 3RD
West Virginia Mountaineers batting - Pitching for Colorado Buffaloes : LHP Ray Gordon
Batting: LHB Alden Collins 0-0: Foul Ball, location: 2F
0-1: Called Strike
0-2: Strikes out swinging
Batting: SHB Darrel Harris 0-0: Called Strike
0-1: Ground out 5-3 (Groundball, 56)
Batting: RHB Chris Smith 0-0: Ball
1-0: Ball
2-0: Foul Ball, location: 2F
2-1: Ball
3-1: Ground out 5-3 (Groundball, 5)
Bottom of the 3rd over - 0 runs, 0 hits, 0 errors, 0 left on base; Colorado 0 - West Virginia 0
TOP OF THE 4TH
Colorado Buffaloes batting - Pitching for West Virginia Mountaineers : RHP William Dixon
Batting: LHB Jack Jefferson 0-0: Foul Ball, location: 2F
0-1: Foul Ball, location: 2F
0-2: Ball
1-2: Strikes out looking
Batting: LHB Larry Chase 0-0: Ball
1-0: Ball
2-0: Called Strike
2-1: Foul Ball, location: 2F
2-2: Ball
3-2: Strikes out looking
Batting: LHB Pedro Padilla 0-0: Ground out 4-3 (Groundball, 34)
Top of the 4th over - 0 runs, 0 hits, 0 errors, 0 left on base; Colorado 0 - West Virginia 0
BOTTOM OF THE 4TH
West Virginia Mountaineers batting - Pitching for Colorado Buffaloes : LHP Ray Gordon
Batting: RHB Víctor León 0-0: Reached on error, E6 (Groundball, 6)
Batting: RHB David Randall 0-0: Ball
1-0: Swinging Strike
1-1: Ball
2-1: Swinging Strike
2-2: Strikes out swinging
Batting: LHB Jeremy Howard 0-0: Ball
1-0: Swinging Strike
1-1: Called Strike
1-2: Foul Ball, location: 2F
1-2: SINGLE (Line Drive, 4MD)
Víctor León to second
Víctor León to third
Batting: LHB José Galindo 0-0: Ball
1-0: Ball
2-0: Called Strike
2-1: Called Strike
2-2: Ball
3-2: Fly out, F4 (Popup, 3DF)
Batting: RHB Jeffrey Dunbar 0-0: Ball
1-0: Ball
2-0: Foul Ball, location: 2F
2-1: Ball
3-1: 3-RUN HOME RUN (Flyball, 7LD), Distance : 340 ft
Batting: LHB Juan Garza 0-0: Ball
1-0: Called Strike
1-1: Swinging Strike
1-2: Strikes out looking
Bottom of the 4th over - 3 runs, 2 hits, 1 error, 0 left on base; Colorado 0 - West Virginia 3
TOP OF THE 5TH
Colorado Buffaloes batting - Pitching for West Virginia Mountaineers : RHP William Dixon
Batting: LHB Wayne Morgan 0-0: Foul Ball, location: 2F
0-1: Ball
1-1: Foul Ball, location: 2F
1-2: Strikes out swinging
Batting: RHB Mike Clark 0-0: Ball
1-0: Called Strike
1-1: Foul Ball, location: 2F
1-2: Strikes out swinging
Batting: RHB Frank Ruffin 0-0: Called Strike
0-1: Ball
1-1: Swinging Strike
1-2: Foul Ball, location: 2F
1-2: Strikes out looking
Top of the 5th over - 0 runs, 0 hits, 0 errors, 0 left on base; Colorado 0 - West Virginia 3
BOTTOM OF THE 5TH
West Virginia Mountaineers batting - Pitching for Colorado Buffaloes : LHP Ray Gordon
Batting: LHB Alden Collins 0-0: Ball
1-0: Foul Ball, location: 2F
1-1: DOUBLE (Flyball, 78D)
Batting: SHB Darrel Harris 0-0: Intentional Walk
Batting: RHB Chris Smith 0-0: Ball
1-0: Called Strike
1-1: Ball
2-1: SINGLE (Flyball, 89M)
Alden Collins to third
Darrel Harris to second
Batting: RHB Víctor León 0-0: Called Strike
0-1: Hit by Pitch
Alden Collins scores
Darrel Harris to third
Chris Smith to second
Pitching: LHP Robert Dean
Batting: RHB David Randall 0-0: Ball
1-0: Ball
2-0: Ball
3-0: Called Strike
3-1: Fly out, F8 (Line Drive, 8RM)
Runner from 3rd tags up, SCORES, throw made
Batting: LHB Jeremy Howard 0-0: Ball
1-0: Swinging Strike
1-1: Swinging Strike
1-2: Ball
2-2: Strikes out swinging
Batting: LHB José Galindo 0-0: Called Strike
0-1: Ball
1-1: DOUBLE (Line Drive, 9LM)
Chris Smith scores
Víctor León to third
Runner from 3rd tries for Home, SAFE, no throw
Batting: RHB Jeffrey Dunbar 0-0: Foul Ball, location: 2F
0-1: Ball
1-1: Foul Ball, location: 2F
1-2: Ball
2-2: Strikes out looking
Bottom of the 5th over - 4 runs, 3 hits, 0 errors, 1 left on base; Colorado 0 - West Virginia 7
TOP OF THE 6TH
Colorado Buffaloes batting - Pitching for West Virginia Mountaineers : RHP William Dixon
Pitching: LHP Josh Fritz
Batting: LHB Claudio Jaramillo 0-0: Called Strike
0-1: Swinging Strike
0-2: Foul Ball, location: 2F
0-2: Ball
1-2: Strikes out swinging
Batting: RHB Bill Peterson 0-0: Called Strike
0-1: Called Strike
0-2: Ball
1-2: Foul Ball, location: 2F
1-2: Foul Ball, location: 2F
1-2: Ball
2-2: Foul Ball, location: 2F
2-2: Ball
3-2: Foul Ball, location: 2F
3-2: Foul Ball, location: 2F
3-2: Strikes out looking
Batting: RHB Preston Manning 0-0: Called Strike
0-1: Called Strike
0-2: Strikes out looking
Top of the 6th over - 0 runs, 0 hits, 0 errors, 0 left on base; Colorado 0 - West Virginia 7
BOTTOM OF THE 6TH
West Virginia Mountaineers batting - Pitching for Colorado Buffaloes : LHP Robert Dean
Batting: LHB Juan Garza 0-0: SOLO HOME RUN (Flyball, 7D), Distance : 366 ft
Batting: LHB Alden Collins 0-0: Ground out 3-1 (Groundball, 34)
Batting: SHB Darrel Harris 0-0: Ball
1-0: Called Strike
1-1: Ball
2-1: Swinging Strike
2-2: Ball
3-2: Strikes out swinging
Batting: RHB Chris Smith 0-0: Ground out U3 (Groundball, 3)
Bottom of the 6th over - 1 run, 1 hit, 0 errors, 0 left on base; Colorado 0 - West Virginia 8
TOP OF THE 7TH
Colorado Buffaloes batting - Pitching for West Virginia Mountaineers : LHP Josh Fritz
Batting: LHB Jack Jefferson 0-0: Ball
1-0: Ground out 3-1 (Groundball, 34)
Batting: LHB Larry Chase 0-0: Ball
1-0: SINGLE (Line Drive, 7S)
Batting: LHB Pedro Padilla 0-0: Ball
1-0: Ball
2-0: Called Strike
2-1: Ball
3-1: Fly out, F7 (Flyball, 7S)
Batting: LHB Wayne Morgan 0-0: Ball
1-0: Called Strike
1-1: Fielders Choice at 2nd, 6-4 (Groundball, 6)
Top of the 7th over - 0 runs, 1 hit, 0 errors, 1 left on base; Colorado 0 - West Virginia 8
BOTTOM OF THE 7TH
West Virginia Mountaineers batting - Pitching for Colorado Buffaloes : LHP Robert Dean
Batting: RHB Víctor León 0-0: Ball
1-0: Ball
2-0: Ground out 6-3 (Groundball, 6)
Batting: RHB David Randall 0-0: Ball
1-0: Ball
2-0: Called Strike
2-1: Foul Ball, location: 2F
2-2: Strikes out swinging
Batting: LHB Jeremy Howard 0-0: SINGLE (Flyball, 9LM)
Batting: LHB José Galindo 0-0: Called Strike
0-1: Ball
1-1: Fly out, F4 (Line Drive, 4M)
Bottom of the 7th over - 0 runs, 1 hit, 0 errors, 1 left on base; Colorado 0 - West Virginia 8
TOP OF THE 8TH
Colorado Buffaloes batting - Pitching for West Virginia Mountaineers : LHP Josh Fritz
Batting: RHB Mike Clark 0-0: Fly out, F5 (Line Drive, 6S)
Batting: RHB Frank Ruffin 0-0: Fly out, F4 (Popup, 13)
Batting: LHB Claudio Jaramillo 0-0: Ball
1-0: Ground out 6-3 (Groundball, 6)
Top of the 8th over - 0 runs, 0 hits, 0 errors, 0 left on base; Colorado 0 - West Virginia 8
BOTTOM OF THE 8TH
West Virginia Mountaineers batting - Pitching for Colorado Buffaloes : LHP Robert Dean
Batting: RHB Jeffrey Dunbar 0-0: Ball
1-0: SINGLE (Groundball, 4MD)
Batting: LHB Juan Garza 0-0: Called Strike
0-1: Called Strike
0-2: Ball
1-2: Strikes out swinging
Batting: LHB Alden Collins 0-0: Foul Ball, location: 2F
0-1: Ball
1-1: Fielders Choice at 2nd, 3-6 (Groundball, 3)
Batting: SHB Darrel Harris 0-0: Called Strike
0-1: Ball
1-1: Foul Ball, location: 2F
1-2: Ball
2-2: Foul Ball, location: 2F
2-2: Ball
3-2: Base on Balls
Alden Collins to second
Batting: RHB Chris Smith 0-0: Ball
1-0: Foul Ball, location: 2F
1-1: Called Strike
1-2: SINGLE (Groundball, 56D)
Alden Collins to third
Darrel Harris to second
Runner from 3rd tries for Home, SAFE, throw made home
Batting: RHB Víctor León 0-0: Ball
1-0: Called Strike
1-1: Ball
2-1: Foul Ball, location: 2F
2-2: Strikes out swinging
Bottom of the 8th over - 1 run, 2 hits, 0 errors, 2 left on base; Colorado 0 - West Virginia 9
TOP OF THE 9TH
Colorado Buffaloes batting - Pitching for West Virginia Mountaineers : LHP Josh Fritz
Batting: RHB Bill Peterson 0-0: SINGLE (Flyball, 89S)
Batting: RHB Preston Manning 0-0: Called Strike
0-1: Called Strike
0-2: Strikes out swinging
Batting: LHB Jack Jefferson 0-0: Ball
1-0: Ball
2-0: Ball
3-0: Called Strike
3-1: Foul Ball, location: 2F
3-2: Base on Balls
Bill Peterson to second
Batting: LHB Larry Chase 0-0: Called Strike
0-1: Foul Ball, location: 2F
0-2: DOUBLE (Line Drive, 5D)
Bill Peterson scores
Jack Jefferson to third
Batting: LHB Pedro Padilla 0-0: Foul Ball, location: 2F
0-1: Ball
1-1: Ball
2-1: Fly out, F4 (Popup, 4D)
Batting: LHB Wayne Morgan 0-0: Hit by Pitch
Batting: RHB Mike Clark 0-0: SINGLE (Groundball, 56D)
Jack Jefferson scores
Larry Chase to third
Wayne Morgan to second
Batting: RHB Frank Ruffin 0-0: Called Strike
0-1: Ball
1-1: Ball
2-1: Foul Ball, location: 2F
2-2: Foul Ball, location: 2F
2-2: Foul Ball, location: 2F
2-2: Fly out, F8 (Flyball, 8LD)
Top of the 9th over - 2 runs, 3 hits, 0 errors, 3 left on base; Colorado 2 - West Virginia 9
Saturday, December 16th, 2017 - OOTP Baseball 18.8 Build 76